 Dungeon Crawl Stone Soup version 0.25-a0-690-g234afa57d4 (webtiles) character file.

Game seed: 456087735334256563, levelgen mode: deterministic

134 kae the Zephyrmancer (level 5, 0/28 HPs)
             Began as a Tengu Air Elementalist on Mar 30, 2020.
             Succumbed to an adder's poison
             ... on level 3 of the Dungeon.
             The game lasted 00:02:48 (2011 turns).

kae the Zephyrmancer (Tengu Air Elementalist)       Turns: 2011, Time: 00:02:49

Health: 0/28       AC:  2    Str:  8    XL:     5   Next: 17%
Magic:  4/9        EV: 15    Int: 17    God:
Gold:   59         SH:  0    Dex: 14    Spells: 5/9 levels left

rFire    . . .     SeeInvis .   h - +4 hand axe
rCold    . . .     Gourm    .   (no shield)
rNeg     . . .     Faith    .   a - +0 robe
rPois    .         Spirit   .   (helmet restricted)
rElec    .         Reflect  .   (no cloak)
rCorr    .         Harm     .   (no gloves)
MR       .....                  (boots unavailable)
Stlth    ++........             (no amulet)
HPRegen  0.09/turn              (no ring)
MPRegen  0.11/turn              (no ring)

@: lethally poisoned (0 -> -8), flying quickly and evasively, quick
A: beak, talons 3, able to fly
a: Stop Flying


You were on level 3 of the Dungeon.
You were not hungry.

You visited 1 branch of the dungeon, and saw 3 of its levels.

You collected 59 gold pieces.

Inventory:

Hand Weapons
 h - a +4 hand axe (weapon)
Armour
 a - a +0 robe (worn)
Potions
 d - 3 potions of might
 e - a potion of flight
Comestibles
 c - 5 rations


   Skills:
 - Level 2.1 Dodging
 - Level 2.0 Stealth
 + Level 2.5 Spellcasting
 * Level 10.2 Conjurations
 + Level 10.6 Air Magic


You had 5 spell levels left.
You knew the following spells:

 Your Spells              Type           Power        Failure   Level  Hunger
a - Shock                 Conj/Air       ####         1%          1    #......
b - Static Discharge      Conj/Air       #####...     1%          3    ###....

Your spell library contained the following spells:

 Spells                   Type           Power        Failure   Level  Hunger
 Airstrike                Air            #####.....   2%          4    #####..
 Swiftness                Chrm/Air       ###.....     3%          2    ##.....
 Lightning Bolt           Conj/Air       #####.....   7%          5    ######.


Dungeon Overview and Level Annotations

Branches:
Dungeon (3/15)

Altars:
The Shining One


Innate Abilities, Weirdness & Mutations

You have a beak for a mouth.
You have claws for feet.
You can fly continuously.


Message History

There is a lethal amount of poison in your body!
There is a lethal amount of poison in your body!
There is a lethal amount of poison in your body!
There is a lethal amount of poison in your body!
There is a lethal amount of poison in your body!
There is a lethal amount of poison in your body!
There is a lethal amount of poison in your body!
You aren't carrying any scrolls.
Unknown command.
Okay, then.
That item cannot be evoked!
You aren't carrying any items that you can evoke.
Unknown command.
* * * LOW HITPOINT WARNING * * *
You feel sick.
You see here a poisoned dart.
* * * LOW HITPOINT WARNING * * *
You feel sick.
An orc comes into view. It is wielding a +0 whip.
You die...

#### #... .
##..###.#
#...[...#
o..#######...?....
.......@..........
##########(.......
####.†......
######
##..(........
#....#
####..#########.
####.# #.<..##
#.###.#### #.)...#
#######


You could see an orc (sleeping).

Vanquished Creatures
  4 adders
  An ooze (D:1)
  2 worms (D:2)
  A dart slug (D:1)
  4 leopard geckos
  3 bats
  4 giant cockroaches
  6 hobgoblins
  9 kobolds
  A frilled lizard (D:2)
  4 goblins
  6 rats
45 creatures vanquished.

Notes
Turn   | Place    | Note
-------+----------+-------------------------------------------
     0 | D:1      | kae the Tengu Air Elementalist began the quest for the Orb.
     0 | D:1      | Reached XP level 1. HP: 10/10 MP: 4/4
   116 | D:1      | Reached XP level 2. HP: 15/15 MP: 0/6
   858 | D:1      | Reached XP level 3. HP: 13/19 MP: 2/7
  1096 | D:2      | Reached skill level 10 in Conjurations
  1096 | D:2      | Reached skill level 10 in Air Magic
  1096 | D:2      | Reached XP level 4. HP: 24/24 MP: 8/8
  1221 | D:1      | Learned a level 3 spell: Static Discharge
  1619 | D:2      | Found a glowing golden altar of the Shining One,
  1667 | D:2      | Gained mutation: You can fly continuously. [Tengu growth]
  1667 | D:2      | Reached XP level 5. HP: 28/28 MP: 7/9
  2009 | D:3      | HP: 1/28 [poisoned by an adder]
  2011 | D:3      | Succumbed to an adder's poison

Levels and vault maps discovered:
D:1:      onia_arrival_larder, layout_loops_ring
D:2:      layout_basic, nicolae_tso_carved_into_rock
D:3:      layout_rooms, makhleb_altar_promises_db

Skill      XL: |  1  2  3 |
---------------+----------+-----
Conjurations   | 2 3 10 | 10.2
Air Magic      | 10 | 10.6
Dodging        | |  2.1
Stealth        | |  2.0
Spellcasting   | |  2.5

Action                   |  1- 3 |  4- 6 || total
-------------------------+-------+-------++-------
Melee: Unarmed           |    17 |     5 ||    22
       Kick              |     3 |     3 ||     6
       Peck              |     2 |     3 ||     5
       Hand axe          |       |    11 ||    11
 Cast: Shock             |    32 |    47 ||    79
 Abil: Fly               |       |     1 ||     1
  Use: Scroll            |     2 |     4 ||     6
       Potion            |     1 |       ||     1
 Stab: Sleeping          |       |     1 ||     1
  Eat: Chunk             |     1 |     3 ||     4
Armor: Robe              |     1 |       ||     1
Dodge: Dodged            |    16 |    26 ||    42

Table legend:
 A = Non-vault XP
 B = Vault XP
 C = Vault XP percentage of total XP
 D = Non-vault monster count
 E = Vault monster count
 F = Vault count percentage of total count
                 A         B        C        D         E       F
            +---------+---------+-------+---------+---------+-------
      Total |     127 |      11 |   8.0 |      37 |       8 |  17.8
            +---------+---------+-------+---------+---------+-------
        D:1 |      32 |      11 |  25.6 |      13 |       8 |  38.1
        D:2 |      79 |       0 |   0.0 |      21 |       0 |   0.0
        D:3 |      16 |       0 |   0.0 |       3 |       0 |   0.0
            +---------+---------+-------+---------+---------+-------
